 Dungeon Crawl Stone Soup version 0.19.4-8-ga85b6b9 (console) character file.

65 lanroth the Chopper (level 4, -9/34 HPs)
             Began as a Human Gladiator on Feb 14, 2017.
             Was an Initiate of Okawaru.
             Killed by nerve-wracking pain
             ... invoked by an orc priest
              (13 damage)
             ... on level 3 of the Dungeon.
             The game lasted 00:11:02 (2136 turns).

lanroth the Chopper (Human Gladiator)               Turns: 2136, Time: 00:11:03

Health: -9/34      AC:  9    Str: 15    XL:     4   Next: 34%
Magic:  4/4        EV:  4    Int:  9    God:    Okawaru [......]
Gold:   172        SH:  9    Dex: 14    Spells: 0 memorised, 3 levels left

rFire  . . .     SeeInvis .     a - +0 war axe
rCold  . . .     Gourm    .     D - +0 chain mail
rNeg   . . .     Faith    .     j - +2 shield
rPois  .         Spirit   .     c - +0 helmet
rElec  .         Reflect  .     (no cloak)
rCorr  .         Harm     .     (no gloves)
MR     .....                    (no boots)
Stlth  ..........               (no amulet)
                                (no ring)
                                (no ring)

@: invisible
A: no striking features
a: Renounce Religion


You were on level 3 of the Dungeon.
You worshipped Okawaru.
Okawaru was noncommittal.
You were not hungry.

You visited 1 branch of the dungeon, and saw 3 of its levels.

You collected 172 gold pieces.

Inventory:

Hand Weapons
 a - a +0 war axe (weapon)
 b - a +0 hunting sling
 r - a +1 dagger of speed
 K - a +0 flail
 L - a +0 hand axe
Missiles
 d - 3 throwing nets
 h - 110 arrows
 k - 71 stones (quivered)
 A - 21 sling bullets
 F - 6 needles of confusion
Armour
 c - a +0 helmet (worn)
 g - a +0 leather armour
 j - a +2 shield (worn)
 l - a +0 ring mail
 t - a +2 pair of gloves
 y - a +0 ring mail
 C - a +0 scale mail
 D - a +0 chain mail (worn)
 I - a +0 robe
 M - a +0 scale mail
Jewellery
 p - an uncursed ring of flight {unknown}
Scrolls
 e - a scroll of enchant armour {unknown}
 i - 2 scrolls of remove curse {unknown}
 m - a scroll of noise {unknown}
 n - 2 scrolls of identify {unknown}
 o - a scroll of magic mapping {unknown}
 s - a scroll of fear {unknown}
 u - a scroll of enchant weapon {unknown}
 w - a scroll of fog {unknown}
 O - a scroll of random uselessness {unknown}
Potions
 x - a potion of degeneration {unknown}
 z - a potion of flight
 B - a potion of brilliance {unknown}
 G - 2 potions of agility {unknown}
 H - a potion of lignification {unknown}
 N - 2 potions of might {unknown}
Comestibles
 f - 4 bread rations
 q - 4 chunks of flesh
 v - 5 fruits


   Skills:
 + Level 2.3 Fighting
 + Level 3.9 Axes
 + Level 2.2 Throwing
 + Level 0.8 Armour
 + Level 3.4 Dodging
 + Level 0.2 Stealth
 + Level 0.2 Shields


You had 3 spell levels left.
You didn't know any spells.

Dungeon Overview and Level Annotations

Branches:
Dungeon (3/15)

Altars:
Gozag
Okawaru
Uskayaw


Message History

You feel much better. The ooze hits you but does no damage.
The orc priest looks encouraged for a moment.
You slash the ooze!
The ooze is almost dead.
The orc priest casts a cantrip, but nothing happens.
The ooze hits you but does no damage.
You slash the ooze!
You kill the ooze!
Okawaru accepts your kill.
The orc priest calls down the wrath of Beogh upon you.
Beogh smites you!
The orc priest calls down the wrath of Beogh upon you.
Pain shoots through your body!
The orc priest mumbles some strange prayers to Beogh against you.
Beogh smites you!
* * * LOW HITPOINT WARNING * * *
You fade into invisibility!
The orc priest mumbles some strange prayers to Beogh against you.
Pain shoots through your body!
You die...

####_### #_.....# ###..### #...._# ##..### #.....#
##### ##..### #...##### #.....# #......### #######
##..### ##.###...## #.....######.....#
#..####..#### #.........##8..8### ##..# ##....#####
#.................## ##.# ####.....###
#..................# #.###########...##
#..........>.......# #..........####..##
#######..................# #..........#
##..###........................#
######..........######..##.#####..................#
#....)....####.###...##.##.#####.................##
#.....<...# #........#.........................##
#.........## ###.).....###.########.######....###
#..........# #.......# #..# #... #<##..#
#..........#####.......# ##.# #.#.# #..#.##
#.............###.....## #.# .# ##...#
#.........#............# #.# # . #..#
#..........#...........####.# .# ..#
###.........##.#.......#....####.# .##
#.........##.##.....#...÷......## #
#.........##................###.. (
#..............##..#........#.... .(
#..........###..##..÷............ ..$
##............................... ...(
#..........####.#####.........### .....
#.................##...........#####..(...
###.............#.#...............oo>)o#
###..................##........###..######
#...#.........................## #@.###
#.####........................# ##....# #.#
##.............##...#....###..##.#
####.#########.........#......##.##..###.#
#...>...# #.........#.................# #.......#
##............>##############
#.......######.......)......#
#####.###.......<........####
#.....####.........### #.....# #.........# #.....#
#.........# ####### ##.......## ##.<...## #######


You could see 2 orc priests.

Vanquished Creatures
  An adder (D:3)
  An ooze (D:3)
  2 worms
  A dart slug (D:1)
  3 orcs (D:3)
  2 bats
  2 giant cockroaches (D:1)
  3 hobgoblins
  3 jackals (D:1)
  5 kobolds
  A quokka (D:3)
  4 frilled lizards
  9 goblins
  3 rats
40 creatures vanquished.

Notes
Turn   | Place    | Note
-------+----------+-------------------------------------------
     0 | D:1      | lanroth the Human Gladiator began the quest for the Orb.
     0 | D:1      | Reached XP level 1. HP: 16/16 MP: 1/1
   178 | D:1      | Reached XP level 2. HP: 22/22 MP: 2/2
   651 | D:1      | Reached XP level 3. HP: 27/27 MP: 3/3
  1785 | D:3      | Found a hide-covered altar of Uskayaw.
  1799 | D:3      | Found an iron altar of Okawaru.
  1801 | D:3      | Found an opulent altar of Gozag.
  1804 | D:3      | Became a worshipper of Warmaster Okawaru
  1956 | D:3      | Reached XP level 4. HP: 24/34 MP: 4/4
  2136 | D:3      | Killed from afar by an orc priest

Action                   |  1- 3 |  4- 6 || total
-------------------------+-------+-------++-------
Melee: War axe           |    96 |    11 ||   107
Throw: Stone             |    16 |     6 ||    22
  Use: Potion            |     3 |     2 ||     5
 Stab: Sleeping          |     2 |       ||     2
  Eat: Chunk             |     2 |       ||     2
       Meat ration       |     1 |       ||     1
Armor: Leather armour    |    24 |       ||    24
       Chain mail        |     8 |     7 ||    15
Dodge: Dodged            |    44 |     5 ||    49
Block: Shield            |    20 |     3 ||    23
